 Dungeon Crawl Stone Soup version 0.31-a0-1336-g7fd7ca34b5 (webtiles) character file.

Game seed: 1408830667122038481

3565 kae the Sneak (level 9, 0/67 HPs)
             Began as a Demonspawn Enchanter on Dec 21, 2023.
             Was a Follower of Dithmenos.
             Slain by Joseph
             ... wielding a +0 quarterstaff
              (13 damage)
             ... on level 8 of the Dungeon.
             The game lasted 00:09:09 (8225 turns).

kae the Sneak (Demonspawn Enchanter)                Turns: 8225, Time: 00:09:10

Health: 0/67       AC: 11    Str: 10    XL:     9   Next: 84%
Magic:  7/16       EV: 17    Int: 17    God:    Dithmenos [*.....]
Gold:   208        SH:  4    Dex: 15    Spells: 6/17 levels left

rFire   . . .        a - +1 dagger
rCold   . . .        (no shield)
rNeg    . . .        F - +0 steam dragon scales
rPois   .            i - +2 helmet
rElec   .            (no cloak)
rCorr   +            u - +1 pair of gloves
SInv    .            d - +0 pair of boots
Will    .....        g - amulet of regeneration
Stlth   ++++         R - ring of resist corrosion
HPRegen 1.11/turn    (no ring)
MPRegen 0.15/turn

%: no passive effects
@: agile, wreathed by umbra
A: powered by pain 2, condensation shield, demonic touch 1
a: Renounce Religion


You were on level 8 of the Dungeon.
You worshipped Dithmenos.
Dithmenos was aware of your devotion.
You visited 2 branches of the dungeon, and saw 9 of its levels.
You also visited: Sewer and Ossuary.

You collected 362 gold pieces.
You spent 154 gold pieces at shops.


Innate Abilities, Weirdness & Mutations

You sometimes gain power by taking damage.
A meltable shield of frost defends you. (SH +4)
Your touch may inflict minor irresistible damage on your foes.


   Skills:
 + Level 4.8 Fighting
 * Level 6.2 Short Blades
 - Level 1.7 Dodging
 * Level 7.4 Stealth
 + Level 4.8 Spellcasting
 + Level 5.5 Hexes
 - Level 5.0 Ice Magic
 + Level 2.1 Invocations


You had 6 spell levels left.
You knew the following spells:

 Your Spells              Type           Power      Damage    Failure   Level
a - Ensorcelled Hibernat  Hex/Ice        42%        N/A       2%          2
b - Confusing Touch       Hex            22%        N/A       4%          3
c - Tukima's Dance        Hex            22%        N/A       4%          3
d - Dazzling Flash        Conj/Hex       26%        N/A       14%         3

Your spell library contained the following spells:

 Spells                   Type           Power      Damage    Failure   Level
 Freeze                   Ice            84%        1d9       1%          1
 Slow                     Hex            88%        N/A       1%          1
 Sigil of Binding         Hex            22%        N/A       4%          3
 Frozen Ramparts          Ice            42%        1d7       5%          3
 Hailstorm                Conj/Ice       12%        3d6       16%         3
 Vampiric Draining        Necr           4%         2d6       41%         3

Inventory:

Hand Weapons
 a - a +1 dagger (weapon)
Missiles
 e - 93 stones
 h - 4 boomerangs
 y - 8 poisoned darts
Armour
 b - a +0 robe
 d - a +0 pair of boots (worn)
   (You found it on level 1 of the Dungeon)
 i - a +2 helmet (worn)
   (You found it on level 2 of the Dungeon)
 u - a +1 pair of gloves (worn)
   (You found it on level 3 of the Dungeon)
 F - +0 steam dragon scales (worn)
   (You found it on level 7 of the Dungeon)
Magical Staves
 m - a staff of conjuration {!a}
   (You found it on level 5 of the Dungeon)
Jewellery
 g - an amulet of regeneration (around neck)
   (You found it on level 6 of the Dungeon)
 R - a ring of resist corrosion (left hand)
   (You found it on level 2 of the Dungeon)
Wands
 l - a wand of digging (5)
   (You found it on level 2 of the Dungeon)
 s - a wand of flame (22)
   (You took it off Sigmund on level 3 of the Dungeon)
 v - a wand of acid (21)
   (You found it on level 4 of the Dungeon)
 w - a wand of mindburst (12)
   (You found it on level 5 of the Dungeon)
Scrolls
 c - 3 scrolls of poison {!r}
 n - 2 scrolls of blinking {!r}
 o - 3 scrolls of amnesia
 p - 2 scrolls of teleportation {@r4}
 x - 4 scrolls of identify {@r1}
 B - a scroll of vulnerability {!r!r}
 D - a scroll of fear
 E - a scroll of revelation
Potions
 f - 6 potions of brilliance
 j - 2 potions of heal wounds {@q2}
 k - 5 potions of haste {@q3}
 q - a potion of attraction {!q}
 r - 2 potions of lignification {!q}
 t - 3 potions of degeneration {!q}
 z - 8 potions of curing {@q1}
 A - a potion of resistance
 C - a potion of cancellation

Dungeon Overview and Level Annotations

Branches:
Dungeon (8/15) Zot: 26871  Temple (1/1) D:6 Zot: 5987   Sewer (visited)
Ossuary (visited)
   Lair: D:8-11

Altars:
Ashenzari
Cheibriados
Dithmenos
Fedhas
Gozag
Kikubaaqudgha
Makhleb
Nemelex Xobeh
Okawaru
Qazlal
Ru
Sif Muna
Trog
Uskayaw
Vehumet
Wu Jian
Xom
Yredelemnul

Shops:
D:1 !

Annotations:
D:7 3 runed translucent doors
D:8 Joseph

@ .. #.. ####
#... ##..##
.....#.@..#
........@.#
......[..<#
............#
................
#................
#...<..##.#..=..#
##..[.. #........
#..... ......##.
##.... .....##


You could see Joseph.


Message History

You now have 67 max hp (+1).
Unknown command.
You start resting. 😕 HP[+21] MP[+3]
You regained 21 hp, and now have 56/67 hp.
Your mp is fully restored (16).
You start resting.
Your icy envelope is restored. 😕 HP[+8]
You regained 8 hp, and now have 64/67 hp.
Things that are here:
+0 steam dragon scales; a steam dragon corpse 😕 HP[+1]
You start resting. 😎 HP[+2]
Your hp is fully restored (67).
F - +0 steam dragon scales You start removing your armour.
You continue taking off your +0 robe. x4
You finish taking off your +0 robe.
You start putting on your armour.
You continue putting on your +0 steam dragon scales. x5
You finish putting on your +0 steam dragon scales.
There is a stone staircase leading down here.
You see here a wolf corpse.
There is a stone staircase leading down here.
You climb downwards.
Level annotation: Joseph Joseph shoots a sling bullet.
The sling bullet hits you!
You focus on the pain.
You feel agile all of a sudden.
There is a stone staircase leading up, spattered with blood here. 😕 HP[-16]
You take 16 damage, and now have 51/67 hp.
MASSIVE DAMAGE!! (PAUSE)
Casting: Ensorcelled Hibernation (safe; 2% risk of failure)
Confirm with . or Enter, or press ? or * to list all spells.
Aiming: Ensorcelled Hibernation (safe; 2% risk of failure)
Press: ? - help, Shift-Dir - straight line, f - Joseph
Aim: Joseph, wielding a +0 sling and wearing a +0 ring mail (chance to affect: 36%) Joseph easily resists.
Joseph shouts, "Wow!"
Joseph shoots a sling bullet.
The sling bullet hits you!
You focus on the pain.
You feel your power returning.
Joseph unwields a +0 sling.
Joseph wields a +0 quarterstaff.
Joseph hits you with a +0 quarterstaff.
* * * LOW HITPOINT WARNING * * *
😨 HP[-18]
You take 18 damage, and now have 33/67 hp.
MASSIVE DAMAGE!! (PAUSE)
Casting: Ensorcelled Hibernation (safe; 2% risk of failure)
Confirm with . or Enter, or press ? or * to list all spells.
Aiming: Ensorcelled Hibernation (safe; 2% risk of failure)
Press: ? - help, Shift-Dir - straight line, f/p - Joseph
Aim: Joseph, wielding a +0 quarterstaff and wearing a +0 ring mail (umbra, chance to affect: 36%) Joseph easily resists.
Joseph hits you with a +0 quarterstaff!
* * * LOW HITPOINT WARNING * * *
You focus on the pain.
You feel more agile all of a sudden. 😨 HP[-16] MP[-2]
You take 16 damage, and now have 17/67 hp.
MASSIVE DAMAGE!! (PAUSE)
You lost 2 mp, and now have 14/16 mp.
Casting: Ensorcelled Hibernation (safe; 2% risk of failure)
Confirm with . or Enter, or press ? or * to list all spells.
Aiming: Ensorcelled Hibernation (safe; 2% risk of failure)
Press: ? - help, Shift-Dir - straight line, f/p - Joseph
Aim: Joseph, wielding a +0 quarterstaff and wearing a +0 ring mail (umbra, chance to affect: 36%) Joseph easily resists.
Joseph hits you but does no damage. 😨 HP[+1] MP[-2]
You lost 2 mp, and now have 12/16 mp.
You hit Joseph. Joseph hits you with a +0 quarterstaff!
* * * LOW HITPOINT WARNING * * *
😱 HP[-7]
You take 7 damage, and now have 11/67 hp.
Unknown command.
Casting: Ensorcelled Hibernation (safe; 2% risk of failure)
Confirm with . or Enter, or press ? or * to list all spells.
Aiming: Ensorcelled Hibernation (safe; 2% risk of failure)
Press: ? - help, Shift-Dir - straight line, f/p - Joseph
Aim: Joseph, wielding a +0 quarterstaff and wearing a +0 ring mail (lightly wounded, umbra, chance to affect: 36%) Joseph easily resists.
Joseph hits you with a +0 quarterstaff.
* * * LOW HITPOINT WARNING * * *
😱 MP[-2]
You lost 2 mp, and now have 10/16 mp.
Unknown command.
Casting: Ensorcelled Hibernation (safe; 2% risk of failure)
Confirm with . or Enter, or press ? or * to list all spells.
Aiming: Ensorcelled Hibernation (safe; 2% risk of failure)
Press: ? - help, Shift-Dir - straight line, f/p - Joseph
Aim: Joseph, wielding a +0 quarterstaff and wearing a +0 ring mail (lightly wounded, umbra, chance to affect: 36%) Joseph easily resists.
Joseph misses you. 😱 HP[+1] MP[-2]
You lost 2 mp, and now have 8/16 mp.
Unknown command.
Casting: Ensorcelled Hibernation (safe; 2% risk of failure)
Confirm with . or Enter, or press ? or * to list all spells.
Aiming: Ensorcelled Hibernation (safe; 2% risk of failure)
Press: ? - help, Shift-Dir - straight line, f/p - Joseph
Aim: Joseph, wielding a +0 quarterstaff and wearing a +0 ring mail (umbra, chance to affect: 36%) Joseph easily resists.
Joseph hits you with a +0 quarterstaff!
You die...

Skill      XL: |  1  2  3  4  5  6  7  8  9 |
---------------+----------------------------+-----
Short Blades   | 1 2 3 4 5 6 |  6.2
Stealth        | 3 4 5 6 7 |  7.4
Fighting       | 1 2 3 4 |  4.8
Ice Magic      | 1 2 3 4 5 |  5.0
Spellcasting   | 3 4 |  4.8
Hexes          | 4 5 |  5.5
Invocations    | 2 |  2.1
Dodging        | |  1.7

Action                     |  1- 3 |  4- 6 |  7- 9 || total
---------------------------+-------+-------+-------++-------
  Melee: Dagger            |    98 |    81 |   362 ||   541
         Touch             |     9 |    12 |    65 ||    86
         Punch             |       |     2 |     5 ||     7
   Cast: Ensorcelled Hiber |     3 |    13 |    58 ||    74
         Confusing Touch   |       |     1 |    11 ||    12
    Use: Scroll            |     1 |     5 |     8 ||    14
         Potion            |       |     1 |     3 ||     4
   Stab: Sleeping          |    10 |    14 |    38 ||    62
         Confused          |       |       |     5 ||     5
         Invisible         |       |       |    11 ||    11
         Distracted        |       |       |     1 ||     1
 Armour: Robe              |    37 |    53 |   226 ||   316
         Steam dragon scal |       |       |     8 ||     8
  Dodge: Dodged            |    53 |    49 |   223 ||   325
  Block: Other             |       |     6 |    75 ||    81

Levels and vault maps discovered:
D:1:      scummos_arrival_simple_fountains, layout_loops_ring, serial_shops,
          nicolae_shop_peninsula, minmay_cut_off
D:2:      layout_loops_ring, minmay_unequal, uniq_natasha, uniq_jessica
D:3:      layout_basic, hellmonk_ecumenical_altar_arch_garden, uniq_sigmund
D:4:      layout_loops_ring, mainiacjoe_overflow_alcove_3, kennysheep_dice,
          uniq_eustachio
D:5:      layout_layer_cave, lemuel_round_altar, lightli_sewer_entry_pipes,
          grunt_ministairs_9, uniq_grinder
D:6:      layout_loops_ring, minmay_temple_entry_gardened_gates, uniq_pikel
D:7:      lemuel_bear_cage, layout_basic, lightli_ossuary_entry_decrepit_ruins
D:8:      layout_cave_pools, mainiacjoe_overflow_six_doors_small,
          chequers_serial_rivers_large_b, uniq_joseph, uniq_prince_ribbit1,
          uniq_grum
Temple:   eino_temple_rhombus

Notes
Turn   | Place    | Note
-------+----------+-------------------------------------------
     0 | D:1      | kae the Demonspawn Enchanter began the quest for the Orb.
     0 | D:1      | Reached XP level 1. HP: 13/13 MP: 3/3
     0 | D:1      | magus.rc [v1.11.3]
    57 | D:1      | Reached skill level 1 in Short Blades
   144 | D:1      | Gained mutation: Your touch may inflict minor irresistible
                  | damage on your foes. [demonic ancestry]
   144 | D:1      | Reached XP level 2. HP: 16/20 MP: 5/5
   147 | D:1      | Learned a level 2 spell: Ensorcelled Hibernation
   164 | D:1      | Found Wire's Distillery.
   216 | D:1      | HP: 5/20 [kobold/+0 dagger (1)]
   355 | D:1      | HP: 5/20 [frozen (2)]
   357 | D:1      | Reached skill level 3 in Stealth
   363 | D:1      | HP: 4/20 [quokka (1)]
   902 | D:2      | Reached XP level 3. HP: 25/25 MP: 6/6
   906 | D:2      | Learned a level 3 spell: Confusing Touch
  1104 | D:2      | Reached skill level 1 in Fighting
  1200 | D:2      | Noticed Jessica
  1207 | D:2      | Killed Jessica
  1208 | D:2      | Reached skill level 1 in Ice Magic
  1208 | D:2      | Gained mutation: You sometimes gain a little power by
                  | taking damage. [demonic ancestry]
  1208 | D:2      | Reached XP level 4. HP: 32/32 MP: 7/7
  1284 | D:2      | Noticed Natasha
  1300 | D:2      | Killed Natasha
  1301 | D:2      | Reached skill level 2 in Short Blades
  1666 | D:2      | Noticed Natasha
  1669 | D:2      | Killed Natasha
  1670 | D:2      | Gained mutation: A meltable shield of frost defends you.
                  | (SH +4) [demonic ancestry]
  1670 | D:2      | Reached XP level 5. HP: 37/37 MP: 3/8
  1905 | D:3      | Noticed Sigmund
  1911 | D:3      | HP: 9/37 [Sigmund/+0 scythe (7)]
  1916 | D:3      | HP: 1/37 [Sigmund/puff of flame (7)]
  1920 | D:3      | Killed Sigmund
  1921 | D:3      | Reached skill level 2 in Ice Magic
  1921 | D:3      | Reached XP level 6. HP: 2/44 MP: 8/10
  2117 | D:3      | Found a faded altar of an unknown god.
  2148 | D:3      | Reached skill level 4 in Stealth
  2168 | D:3      | Reached skill level 2 in Fighting
  2253 | D:3      | Reached skill level 3 in Short Blades
  2958 | D:4      | Reached XP level 7. HP: 24/51 MP: 8/11
  3206 | D:4      | Reached skill level 3 in Spellcasting
  3208 | D:4      | HP: 11/51 [gnoll/+0 spear (5)]
  3536 | D:4      | Noticed Eustachio
  3549 | D:4      | Killed Eustachio
  3550 | D:4      | Reached skill level 4 in Hexes
  3550 | D:4      | Reached skill level 3 in Ice Magic
  3718 | D:4      | Found a blossoming altar of Fedhas.
  3720 | D:4      | Found a sparkling altar of Nemelex Xobeh.
  3721 | D:4      | Found a basalt altar of Yredelemnul.
  4016 | D:1      | Bought a potion of curing for 42 gold pieces
  4016 | D:1      | Bought a potion of heal wounds for 70 gold pieces
  4016 | D:1      | Bought a potion of lignification for 42 gold pieces
  4115 | D:4      | Learned a level 3 spell: Tukima's Dance
  4119 | D:4      | Learned a level 3 spell: Dazzling Flash
  4149 | D:5      | Entered Level 5 of the Dungeon
  4265 | D:5      | Reached skill level 5 in Stealth
  4346 | D:5      | Reached skill level 3 in Fighting
  4394 | D:5      | Found a glowing drain.
  4402 | Sewer    | Entered a sewer
  4419 | Sewer    | Reached skill level 4 in Short Blades
  4422 | Sewer    | Reached XP level 8. HP: 41/58 MP: 5/12
  4646 | D:5      | HP: 10/58 [gnoll bouda/+0 club (9)]
  4648 | D:5      | HP: 4/58 [gnoll bouda/+0 club (4)]
  4666 | D:5      | Noticed Grinder
  4880 | D:5      | Paralysed by Grinder for 5 turns
  4885 | D:5      | Killed Grinder
  4986 | D:5      | Reached skill level 4 in Ice Magic
  5890 | D:5      | You pick up a book of Frost and begin reading...
  5890 | D:5      | You add the spells Freeze, Frozen Ramparts and Hailstorm to
                  | your library.
  6324 | D:6      | Found a staircase to the Ecumenical Temple.
  6376 | Temple   | Entered the Ecumenical Temple
  6382 | Temple   | Became a worshipper of Dithmenos the Shadowed
  6426 | D:6      | You pick up a book of Debilitation and begin reading...
  6426 | D:6      | You add the spells Slow, Sigil of Binding and Vampiric
                  | Draining to your library.
  6621 | D:6      | Noticed Pikel
  6625 | D:6      | Killed Pikel
  6626 | D:6      | Reached skill level 5 in Short Blades
  6626 | D:6      | Reached skill level 6 in Stealth
  6626 | D:6      | Reached skill level 4 in Spellcasting
  6626 | D:6      | Gained mutation: You sometimes gain power by taking damage.
                  | [demonic ancestry]
  6626 | D:6      | Reached XP level 9. HP: 59/65 MP: 7/15
  6675 | D:6      | Reached skill level 4 in Fighting
  6906 | D:7      | Reached skill level 5 in Ice Magic
  7073 | D:7      | Found a sand-covered staircase.
  7077 | Ossuary  | Entered an ossuary
  7093 | Ossuary  | Reached skill level 5 in Hexes
  7383 | D:7      | Reached * piety under Dithmenos
  7542 | D:7      | Found a runed translucent gate.
  7542 | D:7      | Found a runed translucent gate.
  7542 | D:7      | Found a runed translucent gate.
  7543 | D:7      | Noticed a polar bear
  7543 | D:7      | Noticed a polar bear
  7543 | D:7      | Noticed a polar bear
  8006 | D:7      | Reached skill level 7 in Stealth
  8006 | D:7      | Reached skill level 1 in Invocations
  8097 | D:8      | Noticed Grum
  8102 | D:8      | Killed Grum
  8102 | D:8      | Noticed Joseph
  8103 | D:8      | Reached skill level 6 in Short Blades
  8173 | D:7      | Reached skill level 2 in Invocations
  8222 | D:8      | HP: 11/67 [Joseph/+0 quarterstaff (8)]
  8225 | D:8      | Slain by Joseph

Vanquished Creatures
  Pikel (D:6)
  Grinder (D:5)
  Sigmund (D:3)
  Eustachio (D:4)
  Grum (D:8)
  2 steam dragons (D:7)
  2 sky beasts
  3 black bears
  An ice beast (D:5)
  2 centaurs (D:7)
  2 wolves (D:7)
  A phantom (D:5)
  A lemure (D:6)
  2 elf zombies (Ossuary)
  A kobold brigand (D:6)
  2 bullfrogs (D:7)
  3 scorpions
  A howler monkey (D:7)
  A human zombie (Ossuary)
  A hound (D:5)
  A gnoll bouda (D:5)
  2 sleepcaps (D:6)
  2 orc wizards (D:3)
  Jessica (D:2)
  An iguana (D:5)
  Natasha (twice) (D:2)
  A hell rat (Sewer)
  4 mummies (Ossuary)
  14 adders
  7 gnolls
  6 river rats
  5 bombardier beetles
  A white imp (D:7)
  An adder zombie (Ossuary)
  4 dart slugs
  A worm (D:5)
  14 orcs
  2 bats (D:2)
  7 endoplasms
  3 giant cockroaches
  4 goblins
  5 hobgoblins
  6 jackals
  3 kobolds
  6 quokkas
  6 ball pythons
  4 frilled lizards
  A gnoll zombie (Ossuary)
  A goblin zombie (Ossuary)
  A hobgoblin zombie (Ossuary)
  A jackal zombie (Ossuary)
  2 kobold zombies (Ossuary)
  2 orc zombies (Ossuary)
  8 rats
159 creatures vanquished.

Table legend:
 A = Non-vault XP
 B = Vault XP
 C = Vault XP percentage of total XP
 D = Non-vault monster count
 E = Vault monster count
 F = Vault count percentage of total count
                 A         B        C        D         E       F
            +---------+---------+-------+---------+---------+-------
      Total |    2781 |    2313 |  45.4 |     109 |      49 |  31.0
            +---------+---------+-------+---------+---------+-------
        D:1 |      31 |       5 |  13.9 |      16 |       3 |  15.8
        D:2 |      87 |      78 |  47.3 |      17 |       5 |  22.7
        D:3 |     208 |     226 |  52.1 |      16 |       1 |   5.9
        D:4 |     205 |     217 |  51.4 |       9 |       3 |  25.0
        D:5 |     803 |     369 |  31.5 |      26 |       9 |  25.7
        D:6 |     213 |     617 |  74.3 |      10 |       1 |   9.1
        D:7 |    1105 |     226 |  17.0 |      14 |       2 |  12.5
        D:8 |     129 |     187 |  59.2 |       1 |       1 |  50.0
      Sewer |       0 |      76 | 100.0 |       0 |       8 | 100.0
    Ossuary |       0 |     312 | 100.0 |       0 |      16 | 100.0
            +---------+---------+-------+---------+---------+-------

Skill      XL: |  1  2  3  4  5  6  7  8  9 |
---------------+----------------------------+-----
Short Blades   | 1 2 3 4 5 6 |  6.2
Stealth        | 3 4 5 6 7 |  7.4
Fighting       | 1 2 3 4 |  4.8
Ice Magic      | 1 2 3 4 5 |  5.0
Spellcasting   | 3 4 |  4.8
Hexes          | 4 5 |  5.5
Invocations    | 2 |  2.1
Dodging        | |  1.7

Action                     |  1- 3 |  4- 6 |  7- 9 || total
---------------------------+-------+-------+-------++-------
  Melee: Dagger            |    98 |    81 |   362 ||   541
         Touch             |     9 |    12 |    65 ||    86
         Punch             |       |     2 |     5 ||     7
   Cast: Ensorcelled Hiber |     3 |    13 |    58 ||    74
         Confusing Touch   |       |     1 |    11 ||    12
    Use: Scroll            |     1 |     5 |     8 ||    14
         Potion            |       |     1 |     3 ||     4
   Stab: Sleeping          |    10 |    14 |    38 ||    62
         Confused          |       |       |     5 ||     5
         Invisible         |       |       |    11 ||    11
         Distracted        |       |       |     1 ||     1
 Armour: Robe              |    37 |    53 |   226 ||   316
         Steam dragon scal |       |       |     8 ||     8
  Dodge: Dodged            |    53 |    49 |   223 ||   325
  Block: Other             |       |     6 |    75 ||    81

Illustrated notes

Table legend:
 A = Kills in this place as a percentage of kills in the entire game.
 B = Kills by you in this place as a percentage of kills by you in the entire game.
 C = Kills by friends in this place as a percentage of kills by friends in the entire game.
 D = Other kills in this place as a percentage of other kills in the entire game.
 E = Experience gained in this place as a percentage of experience gained in the entire game.
 F = Experience gained in this place divided by the number of levels of this place that you have seen.
                   A       B       C       D       E      F
               +-------+-------+-------+-------+-------+----------------------
         Total | 100.0 | 100.0 |   N/A |   N/A | 100.0 | 463.1
       Dungeon |  84.8 |  84.8 |   N/A |   N/A |  92.4 | 588.2
         Sewer |   5.1 |   5.1 |   N/A |   N/A |   1.5 |  76.0
       Ossuary |  10.1 |  10.1 |   N/A |   N/A |   6.1 | 312.0
               +-------+-------+-------+-------+-------+----------------------

Table legend: (Time is in decaauts)
 A = Elapsed time spent in this place.
 B = Non-inter-level travel time spent in this place.
 C = Inter-level travel time spent in this place.
 D = Time resting spent in this place.
 E = Time spent auto-exploring this place.
 F = Levels seen in this place.
 G = Mean time per level.
                   A        B        C        D        E       F      G
               +--------+--------+--------+--------+--------+-----+--------+
         Total |   8183 |   7752 |    431 |    448 |   5632 |  11 |  743.9 |
       Dungeon |   7727 |   7303 |    424 |    433 |   5404 |   8 |  965.9 |
        Temple |     12 |      6 |      6 |      0 |      0 |   1 |   12.0 |
         Sewer |    177 |    177 |      0 |     12 |    106 |   1 |  177.0 |
       Ossuary |    265 |    265 |      0 |      3 |    122 |   1 |  265.0 |
               +--------+--------+--------+--------+--------+-----+--------+

Top non-repeatable levels by time:
     D:5: 1581 daAuts
     D:4: 1157 daAuts
     D:3: 1150 daAuts
     D:2: 1030 daAuts
     D:7: 1026 daAuts
     D:1: 898 daAuts
     D:6: 859 daAuts
 Ossuary: 265 daAuts
   Sewer: 177 daAuts
     D:8: 23 daAuts
  Temple: 12 daAuts
